 Dungeon Crawl Stone Soup version 0.18.1-48-g4cf74bf (webtiles) character file.

1665672 boogeech the Hoplite (level 27, 264/270 HPs)
             Began as a Minotaur Fighter on June 29, 2016.
             Was a High Priest of Trog.
             Escaped with the Orb
             ... and 3 runes on June 30, 2016!
             The game lasted 05:33:06 (77801 turns).

boogeech the Hoplite (Minotaur Fighter)            Turns: 77801, Time: 05:33:07

Health: 264/270    AC: 54    Str: 30    XL:     27
Magic:  6/6        EV: 17    Int:  5    God:    Trog [*****.]
Gold:   4743       SH: 32    Dex: 15    Spells: 0 memorised, 26 levels left

rFire  + . .     SeeInvis .     r - +9 morningstar (antimagic)
rCold  + . .     Gourm    .     O - +8 gold dragon armour
rNeg   . . .     Faith    .     N - +2 large shield {AC+3}
rPois  +         Spirit   .     (helmet unavailable)
rElec  .         Dismiss  .     x - +2 cloak
rCorr  .         Reflect  +     v - +2 pair of gloves
SustAt .         Harm     .     B - +2 pair of boots
MR     ++...                    o - +2 amulet of reflection
Stlth  ..........               A - +3 ring of slaying
                                s - ring "Metol" {AC+2 Str+3}

@: drained, very resistant to hostile enchantments, extremely unstealthy
A: retaliatory headbutt, horns 3, icy blue scales 1, thin metallic scales 1, low
mp 1, weak 1
a: Berserk, Trog's Hand, Brothers in Arms, Burn Spellbooks, Renounce Religion
0: Orb of Zot
}: 3/15 runes: decaying, silver, gossamer


You escaped.
You worshipped Trog.
Trog was extremely pleased with you.
You were very full.

You visited 10 branches of the dungeon, and saw 52 of its levels.
You visited the Abyss 4 times.
You also visited: Labyrinth, Trove and Volcano.

You collected 8862 gold pieces.
You spent 4119 gold pieces at shops.

Inventory:

Hand Weapons
 r - a +9 antimagic morningstar (weapon)
 D - a +6 antimagic eveningstar
Missiles
 m - 2 throwing nets (quivered)
Armour
 v - a +2 pair of gloves (worn)
 x - a +2 cloak (worn)
 B - a +2 pair of boots (worn)
 L - the +3 buckler of Xial {rF+ MP-9 Str+4}
   (You found it on level 5 of the Dungeon)

   It affects your strength (+4).
   It protects you from fire.
   It affects your magic capacity (-9).
 N - a +2 large shield of protection (worn)
 O - a +8 gold dragon armour (worn)
Jewellery
 a - an uncursed ring of positive energy
 l - an uncursed ring of resist corrosion
 o - a +2 amulet of reflection (around neck)
 p - the ring of Muh Lel {MR+ Int+3}
   (You found it in a treasure trove)

   [ring of protection from magic]

   It affects your intelligence (+3).
   It affects your resistance to hostile enchantments.
 s - the ring "Metol" (left hand) {AC+2 Str+3}
   (You found it on level 13 of the Dungeon)

   [ring of protection]

   It affects your AC (+2).
   It affects your strength (+3).
 y - the amulet "Gephekle" {rN+ Regen+ Str+7}
   (You found it on level 3 of the Depths)

   [amulet of regeneration]

   It affects your strength (+7).
   It protects you from negative energy.
   It increases your rate of regeneration.
 z - an uncursed ring of sustain attributes
 A - a +3 ring of slaying (right hand)
 P - an uncursed ring of protection from cold
 Z - an uncursed ring of protection from magic
Wands
 h - a wand of teleportation (2/9)
 i - a wand of disintegration (10/24)
 n - a wand of digging (11/24)
 S - a wand of hasting (3/9)
Scrolls
 d - 2 scrolls of enchant weapon
 g - 8 scrolls of immolation
 j - 2 scrolls of fog
 k - 2 scrolls of magic mapping
 q - 3 scrolls of recharging
 u - 2 scrolls of identify
 E - 2 scrolls of torment
 G - 6 scrolls of fear
 H - 18 scrolls of remove curse
 I - 7 scrolls of teleportation
 K - a scroll of brand weapon
 M - a scroll of silence
 Y - 2 scrolls of holy word
Potions
 b - 4 potions of flight
 c - 5 potions of berserk rage
 w - 4 potions of cancellation
 C - 12 potions of brilliance
 J - a potion of mutation
 T - 4 potions of agility
 U - 7 potions of ambrosia
Miscellaneous
 V - 5 phantom mirrors
Comestibles
 f - 3 bread rations
 R - 12 meat rations


   Skills:
 * Level 26.4(25.8) Fighting
 * Level 26.5(25.9) Maces & Flails
 * Level 26.5(25.9) Armour
 + Level 18.8(18.3) Dodging
 * Level 26.8(26.2) Shields


You had 26 spell levels left.
You didn't know any spells.

Dungeon Overview and Level Annotations

Branches:
Dungeon (15/15)            Temple (1/1) D:6            Lair (8/8) D:8
  Swamp (4/4) Lair:5       Spider (4/4) Lair:4        Slime (0/6) Lair:6
    Orc (2/2) D:10            Elf (3/3) Orc:2        Vaults (5/5) D:13
  Crypt (0/3) Vaults:2     Depths (5/5) D:15            Zot (5/5) Depths:5

Altars:
Ashenzari
Cheibriados
Dithmenos
Elyvilon
Fedhas
Gozag
Kikubaaqudgha
Makhleb
Nemelex Xobeh
Okawaru
Pakellas
Qazlal
Ru
Sif Muna
Trog
Vehumet
Xom
Yredelemnul
Zin
The Shining One
Lugonu

Shops:
D:10 [   D:11 *[[   Orc:2 :%([   Elf:1 [   Elf:3 }   Vaults:2 :

Portals:
Hell: Depths:1 Depths:2 Depths:3 Depths:4 Depths:5
Abyss: Depths:2 Depths:4
Pandemonium: Depths:3 Depths:4
Ziggurat: Depths:2


Innate Abilities, Weirdness & Mutations

You reflexively headbutt those who attack you in melee.
You have a pair of large horns on your head.
You are partially covered in icy blue scales (AC +1).
You are partially covered in thin metallic scales (AC +2).
Your magical capacity is low (-10% MP).
You are weak. (Str -2)


Message History

You block the sun demon's attack. x2
You hit the sun demon but do no damage. You headbutt the sun demon!
The sun demon is severely wounded.
Your skin stops crawling.
You feel less resistant to hostile enchantments.
You block the sun demon's attack. x2
You impale the sun demon!!
You kill the sun demon!
Trog accepts your kill. You block the sun demon's attack.
You bludgeon the sun demon!! You headbutt the sun demon.
The sun demon is heavily wounded.
You block the sun demon's attack.
You bludgeon the sun demon!!
You kill the sun demon!
Trog accepts your kill.
No target in view!
No target in view!
There is a staircase leading out of the dungeon here.
You have escaped!

...# ###.###...####.######## ...#
#..............##...... ...#
#......#.......###.#### ...#
#.....###.....## #.##.. ...#
#......#......# #.##.. ...#
##.............####.##.. ...#
#...#...#>..#.......##.. †..#
#..###.###.###..#.......
'#########...#..@#...#...........
.##........................####(.
.##.#####.#......#.........#..'..
.##.# #.#.#.....###........#.##..
.##.# #.#.#......#.........#.##..
.##.# #.#.#................#.####
.##.# #.#.#.....#..........#.# #
.##.# #.#.#.....#.##.......#.# #
###.# #†#.#.....#.##......##.# #


There were no monsters in sight!

Vanquished Creatures
  2 pandemonium lords (D:15)
  Mara (Swamp:3)
  8 orbs of fire (Zot:5)
  5 ancient liches (Zot:5)
  Mennas (Depths:5)
  Boris (Depths:4)
  Frederick (Depths:3)
  3 Killer Klowns (Zot:5)
  7 caustic shrikes
  8 golden dragons
  Arachne (Spider:4)
  Nikola (Elf:1)
  A Tzitzimitl (D:15)
  Jory (Depths:3)
  3 electric golems (Zot:5)
  The ghost of hannobal the Eclecticist, an adept OpIE of Vehumet (Spider:2)
  11 tentacled monstrosities
  The ghost of juanjsm the Sorcerer, an adept SpEn of Okawaru (Vaults:5)
  5 liches
  25 Orb Guardians
  2 deep elf blademasters (Elf:3)
  Asterion (Depths:2)
  The ghost of TBriggs11TB the Blocker, an adept DDFi of Makhleb (Swamp:3)
  3 quicksilver dragons
  2 Executioners
  4 titans
  2 deep elf master archers (Elf:3)
  The ghost of rjaguar3 the Shatterer, an adept MiBe of Trog (Swamp:4)
  6 sphinxes
  5 tentacled starspawn
  Agnes (Spider:1)
  3 death cobs
  Frances (Swamp:1)
  3 draconian monks (Zot:5)
  3 thorn hunters
  8 shadow dragons
  Roxanne (Spider:4)
  12 storm dragons
  14 deep elf sorcerers
  7 tengu reavers
  Donald (D:13)
  3 draconian knights
  10 fire giants
  6 ghost moths
  21 vault wardens
  9 frost giants
  Maud (Lair:5)
  A draconian zealot (Zot:5)
  5 draconian scorchers
  Wiglaf (Depths:1)
  4 draconian shifters
  An iron dragon (Depths:3)
  4 deep elf elementalists
  A curse skull (Vaults:2)
  2 orc warlords (Depths:1)
  24 very ugly things
  3 draconian annihilators (Zot:5)
  8 emperor scorpions (Spider:4)
  2 spriggan defenders (Depths:4)
  20 ironheart preservers
  A draconian caller (Zot:5)
  29 stone giants
  2 ghouls
  A war gargoyle (Vaults:4)
  Nessos (D:13)
  8 deep elf demonologists
  6 black draconians
  2 salamander stormcallers
  5 green draconians
  A yellow draconian (Zot:5)
  9 deep elf annihilators
  5 mottled draconians
  4 red draconians
  5 spark wasps
  A purple draconian (Zot:1)
  2 white draconians (Zot:5)
  16 ettins
  Snorg (D:14)
  3 jiangshi (Depths:3)
  25 fire dragons
  A crystal guardian (Vaults:5)
  18 deep elf death magi
  37 vault guards
  7 rakshasas
  A minotaur (Lab)
  20 yaktaur captains
  8 great orbs of eyes
  7 deep elf high priests
  Harold (Orc:1)
  2 ghost crabs
  4 spriggan air magi
  23 hydras
  10 ice dragons
  12 entropy weavers
  9 ogre magi
  5 death knights
  13 centaur warriors
  3 death yaks (Lair:6)
  10 alligators
  16 deep troll earth magi
  6 vampire magi
  14 deep troll shamans
  10 spriggan berserkers
  25 dancing weapons
  2 orc high priests (Orc:2)
  An iron giant zombie (Depths:2)
  7 tengu warriors
  3 sun demons (D:1)
  Urug (D:14)
  Nergalle (Lair:1)
  28 deep elf knights
  A fire crab (shapeshifter) (Depths:3)
  4 wretched stars
  2 soul eaters (D:15)
  2 spatial maelstroms
  2 skeletal warriors
  2 iron trolls
  3 hell knights (Depths:2)
  4 flayed ghosts
  A shambling mangrove (Swamp:4)
  A sea snake (shapeshifter) (Depths:2)
  5 giant orange brains
  3 unseen horrors
  A putrid demonspawn (Zot:1)
  A shadow demon (D:15)
  2 gelid demonspawn (Zot:1)
  2 spriggan druids
  23 deep trolls
  16 ironbrand convokers
  A tengu zombie (Depths:2)
  10 harpies
  24 orc knights
  Pikel (D:7)
  71 deep elf magi
  8 swamp dragons (Swamp:4)
  A torturous demonspawn (D:12)
  5 necromancers
  10 deep elf archers
  8 orc sorcerers
  16 hill giants
  8 phantasmal warriors
  5 wizards
  14 orb spiders
  A griffon (Vaults:2)
  A stone giant zombie (Vaults:5)
  12 hornets
  An oklob plant (Lair:1)
  27 wolf spiders
  65 ugly things
  3 salamanders (Abyss:1)
  11 cyclopes
  A manticore (D:15)
  A faun (shapeshifter) (Depths:3)
  20 elephants
  A hornet (shapeshifter) (Depths:1)
  A salamander (shapeshifter) (Vaults:1)
  12 moths of wrath
  4 worldbinders
  2 spriggan zombies (Depths:2)
  10 vault sentinels
  A sixfirhy (Depths:5)
  2 torpor snails
  3 molten gargoyles (Volcano)
  An eye of devastation (Lair:6)
  An eye of devastation (shapeshifter) (Depths:2)
  A human skeleton (Vaults:5)
  A guardian serpent (shapeshifter) (Depths:5)
  2 centaur zombies
  5 black mambas
  A rust devil (D:15)
  Maurice (Orc:1)
  An apocalypse crab (Abyss:2)
  A water nymph (shapeshifter) (Depths:2)
  A spriggan skeleton (Depths:2)
  5 gargoyles
  22 spiny frogs
  A spiny frog (shapeshifter) (D:13)
  2 smoke demons
  A torpor snail (shapeshifter) (Depths:5)
  3 orange demons
  A rime drake (shapeshifter) (Vaults:1)
  A kobold demonologist (D:15)
  11 demonic crawlers
  10 komodo dragons
  2 rime drakes
  55 yaktaurs
  10 freezing wraiths
  A spark wasp simulacrum (Depths:2)
  A hellwing (Depths:2)
  An ice devil (D:15)
  2 red devils (D:15)
  6 polar bears
  7 trolls
  A merfolk (shapeshifter) (D:15)
  An ancient zyme (Abyss:1)
  A queen bee (shapeshifter) (Depths:1)
  25 jumping spiders
  A jumping spider (shapeshifter) (Depths:2)
  46 slime creatures
  16 two-headed ogres
  9 blink frogs
  9 boulder beetles
  13 giant leeches
  6 bog bodies
  10 raiju
  A blink frog (shapeshifter) (D:15)
  78 redbacks
  6 shadows
  A centaur simulacrum (D:13)
  A frost giant simulacrum (Depths:2)
  33 tarantellas
  12 spriggans
  5 wraiths
  2 vampires
  A ynoxinul (D:15)
  10 water elementals
  8 starcursed masses (Abyss:1)
  40 yaks
  9 fire elementals
  A hog (shapeshifter) (Depths:5)
  16 humans
  A wyvern (shapeshifter) (Depths:4)
  6 basilisks
  2 yaks (shapeshifter)
  2 chaos spawn
  3 fire bats (Lair:5)
  6 wyverns
  A neqoxec (Abyss:2)
  3 hungry ghosts
  A human (shapeshifter) (Vaults:2)
  10 hippogriffs
  7 large abominations
  56 vampire mosquitoes
  A basilisk (shapeshifter) (Depths:4)
  Menkaure (D:7)
  A yaktaur simulacrum (Vaults:2)
  4 small abominations
  A spatial vortex (Abyss:4)
  17 swamp worms
  5 wargs
  A soldier ant (D:12)
  12 water moccasins
  15 insubstantial wisps
  3 giant eyeballs
  2 giant eyeballs (shapeshifter)
  11 porcupines
  4 ice beasts
  42 orc warriors
  A slave (D:7)
  15 swamp drakes
  An ettin simulacrum (Vaults:3)
  6 sky beasts
  18 wasps
  34 ogres
  3 phantoms
  A necrophage (D:10)
  A black bear (D:8)
  An ogre (shapeshifter) (Vaults:4)
  8 wolves
  2 black bears (shapeshifter)
  4 eyes of draining
  10 boggarts
  A centaur (shapeshifter) (Vaults:2)
  A tengu (shapeshifter) (Depths:4)
  27 centaurs
  15 crocodiles
  31 giant frogs
  4 big kobolds
  3 earth elementals
  2 human simulacra (Vaults:2)
  A wyvern zombie (D:13)
  A glowing shapeshifter simulacrum (Vaults:3)
  A wyvern skeleton (D:8)
  4 scorpions
  12 killer bees
  9 howler monkeys
  4 wights
  11 electric eels
  9 crimson imps
  4 giant frog zombies
  The ghost of mopl the Chucker, a weakling VSHu (D:3)
  4 quasits
  7 hounds
  2 giant frog skeletons
  36 orc wizards
  32 orc priests
  7 centaur skeletons
  2 jellies
  Crazy Yiuf (D:3)
  2 iron imps (Abyss:2)
  Ijyb (D:3)
  12 iguanas
  An iguana (shapeshifter) (Vaults:5)
  12 worker ants
  38 sheep
  A hound zombie (D:9)
  A hound skeleton (D:8)
  A howler monkey zombie (D:6)
  A worker ant zombie (D:5)
  7 gnolls
  12 adders
  39 river rats
  8 shadow imps
  2 white imps (D:15)
  An ufetubus (Abyss:1)
  3 worms
  5 dart slugs
  4 giant geckos
  105 orcs
  7 giant cockroaches
  5 goblins
  3 hobgoblins
  7 jackals
  6 quokkas
  16 bats
  6 giant newts
  14 kobolds
  A quokka skeleton (D:8)
  A quokka zombie (D:8)
  17 rats
  2 crawling corpses (Vaults:5)
  3 fungi
  37 plants
  5 starspawn tentacles
2623 creatures vanquished.

Vanquished Creatures (collateral kills)
  A sphinx (Vaults:2)
  2 ironheart preservers
  A very ugly thing (Vaults:5)
  A yaktaur captain (Vaults:5)
  A phantasmal warrior (Vaults:2)
  4 ugly things
  A small abomination (Elf:1)
  A yaktaur (Vaults:2)
  A redback (Vaults:2)
  An orc warrior (Vaults:5)
14 creatures vanquished.

Vanquished Creatures (others)
  A lich (Vaults:2)
  A draconian scorcher (Zot:5)
  A deep elf elementalist (Vaults:5)
  A deep elf knight (Elf:2)
  A shadow wraith (Vaults:1)
  2 deep elf archers
  An orc knight (Vaults:3)
  A deep elf mage (Elf:2)
  A hornet (Swamp:4)
  2 moths of wrath
  A fire giant skeleton (Vaults:5)
  A spiny frog (Lair:6)
  3 yaktaurs
  A tengu conjurer (Depths:1)
  2 jumping spiders
  A giant leech (Swamp:2)
  A redback (Spider:1)
  An elf zombie (Vaults:5)
  A vampire mosquito (D:13)
  An insubstantial wisp (Swamp:4)
  A swamp worm (Swamp:4)
  2 orc warriors
  A wasp (Swamp:2)
  An ogre (Vaults:3)
  A boggart (Depths:2)
  A centaur (D:7)
  A human simulacrum (Vaults:5)
  An orc priest (Orc:2)
  An orc wizard (Orc:2)
  4 orcs
  7 briar patches
  5 fulminant prisms (Vaults:5)
  3 fungi
  5 plants
  8 starspawn tentacles
  176 starspawn tentacle segments
243 creatures vanquished.

Grand Total: 2880 creatures vanquished

Notes
Turn   | Place    | Note
--------------------------------------------------------------
     0 | D:1      | boogeech the Minotaur Fighter began the quest for the Orb.
     0 | D:1      | Reached XP level 1. HP: 19/19 MP: 0/0
   262 | D:1      | Reached XP level 2. HP: 24/27 MP: 1/1
   331 | D:1      | Found a sparkling altar of Nemelex Xobeh.
   827 | D:2      | Reached XP level 3. HP: 28/33 MP: 2/2
   854 | D:2      | Reached skill level 1 in Dodging
  1664 | D:2      | Found a sacrificial altar of Ru.
  1664 | D:2      | Found a stormy altar of Qazlal.
  1666 | D:2      | Reached XP level 4. HP: 40/40 MP: 3/3
  1769 | D:3      | Noticed mopl's ghost (weakling VSHu)
  1774 | D:3      | Killed mopl's ghost
  1836 | D:3      | Noticed Ijyb
  1844 | D:3      | Killed Ijyb
  1925 | D:3      | Reached XP level 5. HP: 47/47 MP: 4/4
  2019 | D:3      | Found a bloodstained altar of Trog.
  2082 | D:3      | Found a blossoming altar of Fedhas.
  2316 | D:3      | Noticed Crazy Yiuf
  2326 | D:3      | Killed Crazy Yiuf
  2431 | D:3      | Found a shimmering altar of Xom.
  2500 | D:3      | Became a worshipper of Trog the Wrathful
  2793 | D:4      | Reached skill level 5 in Fighting
  2945 | D:5      | Entered Level 5 of the Dungeon
  3077 | D:5      | Reached XP level 6. HP: 54/56 MP: 5/5
  3114 | D:5      | Reached skill level 5 in Shields
  3185 | D:5      | Got a brightly glowing buckler
  3186 | D:5      | Identified the +3 buckler of Xial {rF+ MP-9 Str+4} (You found it on level 5 of the Dungeon)
  3307 | D:5      | Reached skill level 5 in Armour
  3429 | D:5      | Reached skill level 5 in Maces & Flails
  3467 | D:5      | Reached XP level 7. HP: 55/61 MP: 0/6
  3698 | D:5      | Reached * piety under Trog
  3806 | D:5      | Found a burning altar of Makhleb.
  4163 | D:6      | Found a shadowy altar of Dithmenos.
  4185 | D:6      | Reached XP level 8. HP: 64/70 MP: 0/7
  4499 | D:6      | Found a staircase to the Ecumenical Temple.
  4643 | Temple   | Entered the Ecumenical Temple
  4653 | Temple   | Gained mutation: You are partially covered in thin metallic scales (AC +2). [mutagenic meat]
  5141 | D:7      | Noticed Menkaure
  5148 | D:7      | Killed Menkaure
  5165 | D:7      | Reached ** piety under Trog
  5165 | D:7      | Reached XP level 9. HP: 78/79 MP: 0/8
  5256 | D:7      | Found a shadowy altar of Dithmenos.
  5447 | D:7      | Noticed Pikel
  5459 | D:7      | Killed Pikel
  6347 | D:8      | Reached *** piety under Trog
  6357 | D:8      | Reached XP level 10. HP: 89/91 MP: 0/9
  6400 | D:8      | You fall through a shaft!
  6586 | D:9      | Reached skill level 5 in Dodging
  7176 | D:8      | Found a staircase to the Lair.
  7450 | D:8      | Found a deep blue altar of Sif Muna.
  7479 | D:8      | Reached **** piety under Trog
  7830 | D:8      | Noticed a three-headed hydra
  7835 | D:8      | Killed a three-headed hydra
  7835 | D:8      | Reached skill level 10 in Shields
  7991 | D:9      | Found a snail-covered altar of Cheibriados.
  8200 | D:9      | Reached skill level 10 in Fighting
  8286 | D:10     | Entered Level 10 of the Dungeon
  8310 | D:10     | Reached skill level 10 in Armour
  8328 | D:10     | Found Fiack's Antique Armour Emporium.
  8335 | D:10     | Noticed a hill giant
  8340 | D:10     | Killed a hill giant
  8340 | D:10     | Reached skill level 10 in Maces & Flails
  8551 | D:10     | Noticed a hill giant
  8561 | D:10     | Reached XP level 11. HP: 86/99 MP: 1/10
  8566 | D:10     | Killed a hill giant
  8566 | D:10     | Reached ***** piety under Trog
  8715 | D:10     | Noticed a hill giant
  8720 | D:10     | Killed a hill giant
  8757 | D:10     | Found a staircase to the Orcish Mines.
  8935 | D:10     | Noticed a hill giant
  8944 | D:10     | Killed a hill giant
  9259 | D:11     | Found Poyhehos's General Store.
  9407 | D:11     | Killed an unseen horror
  9482 | D:11     | Found Xyuh's Antique Armour Emporium.
  9510 | D:11     | Received a gift from Trog
  9720 | D:11     | Found Hailyat's Antique Armour Boutique.
  9739 | D:11     | Noticed a hill giant
  9743 | D:11     | Killed a hill giant
 10473 | D:12     | Noticed a green ugly thing
 10483 | D:12     | Killed a green ugly thing
 10643 | D:12     | Reached XP level 12. HP: 108/110 MP: 0/11
 11166 | D:13     | Found a gate to the Vaults.
 11166 | D:13     | Noticed Donald
 11213 | D:12     | Identified a scroll of acquirement
 11358 | D:13     | Killed Donald
 11365 | D:13     | Received a gift from Trog
 11746 | D:13     | Noticed Nessos
 11752 | D:13     | Noticed a centaur warrior
 11754 | D:13     | Killed Nessos
 11768 | D:13     | Killed a centaur warrior
 11768 | D:13     | Reached XP level 13. HP: 119/119 MP: 4/12
 12074 | D:13     | Got a glittering glass ring
 13045 | D:14     | Noticed Urug
 13066 | D:14     | Killed Urug
 13303 | D:14     | Noticed Snorg
 13317 | D:14     | Killed Snorg
 13649 | D:14     | Found a bloodstained altar of Trog.
 13759 | D:14     | Reached ****** piety under Trog
 13796 | D:14     | Found a sacrificial altar of Ru.
 14242 | D:14     | Identified the ring "Metol" {AC+2 Str+3} (You found it on level 13 of the Dungeon)
 14293 | D:15     | Entered Level 15 of the Dungeon
 14319 | D:15     | Received a gift from Trog
 14563 | D:15     | Reached XP level 14. HP: 130/130 MP: 1/13
 15801 | D:15     | Found a staircase to the Depths.
 16005 | Lair:1   | Entered Level 1 of the Lair of Beasts
 16051 | Lair:1   | Noticed Nergalle
 16062 | Lair:1   | Killed Nergalle
 16167 | Lair:1   | Got an iridescent great sword
 16174 | Lair:1   | Identified the +7 great sword "Osif" {slice, Int+2 SInv} (You found it on level 1 of the Lair of Beasts)
 17287 | Lair:2   | Found a shimmering altar of Xom.
 17417 | Lair:2   | Received a gift from Trog
 17716 | Lair:2   | Reached skill level 15 in Maces & Flails
 18478 | Lair:3   | Received a gift from Trog
 18642 | Lair:3   | Found a labyrinth entrance.
 18667 | Lab      | Entered a labyrinth
 19363 | Lair:3   | Found a burning altar of Makhleb.
 19797 | Lair:4   | Reached skill level 15 in Shields
 19990 | Lair:4   | Found a hole to the Spider Nest.
 20352 | Lair:4   | Reached XP level 15. HP: 139/139 MP: 1/14
 20387 | Lair:4   | Received a gift from Trog
 20497 | Lair:4   | Identified a +2 rod of shadows (12/12) (You acquired it on level 4 of the Lair of Beasts)
 20501 | Lair:4   | Got a bloodstained chain mail
 20502 | Lair:4   | Identified the +2 chain mail of Joy {rN++ Str-3} (You acquired it on level 4 of the Lair of Beasts)
 20839 | Lair:5   | Found a dark tunnel.
 20848 | Volcano  | Entered a volcano
 20858 | Volcano  | Reached skill level 15 in Fighting
 21376 | Lair:5   | Reached skill level 15 in Armour
 21380 | Lair:5   | Reached skill level 10 in Dodging
 21477 | Lair:5   | Noticed Maud
 21487 | Lair:5   | Killed Maud
 21621 | Lair:5   | Found a staircase to the Swamp.
 21929 | Lair:6   | Found a bloodstained altar of Trog.
 22672 | Lair:6   | Found a staircase to the Slime Pits.
 23558 | Lair:7   | Found a shimmering altar of Xom.
 24252 | Lair:8   | Entered Level 8 of the Lair of Beasts
 24353 | Lair:8   | Received a gift from Trog
 25125 | Lair:8   | Received a gift from Trog
 26370 | D:11     | Bought a runed hat for 132 gold pieces
 26457 | Orc:1    | Entered Level 1 of the Orcish Mines
 26458 | Orc:1    | Noticed Maurice
 26476 | Orc:1    | Killed Maurice
 26640 | Orc:1    | Noticed Harold
 26655 | Orc:1    | Killed Harold
 26932 | Orc:2    | Entered Level 2 of the Orcish Mines
 27341 | Orc:2    | Reached XP level 16. HP: 95/151 MP: 2/15
 27362 | Orc:2    | Received a gift from Trog
 27520 | Orc:2    | Found Gixol's Book Shoppe.
 27521 | Orc:2    | Found Yrraufad's Antique Weapon Emporium.
 27522 | Orc:2    | Found Manuah's Antique Armour Emporium.
 27525 | Orc:2    | Paralysed by an orc sorcerer for 3 turns
 27528 | Orc:2    | Found Ixkolaqu's Food Shoppe.
 27910 | Orc:2    | Found a staircase to the Elven Halls.
 28376 | Orc:2    | Bought the +8 orange crystal plate armour {Archmagi, Int+3 Clar SustAt} for 2874 gold pieces
 28436 | Elf:1    | Entered Level 1 of the Elven Halls
 29048 | Elf:1    | Received a gift from Trog
 29157 | Elf:1    | Got a brightly glowing flail {god gift}
 29271 | Elf:1    | Identified the +6 flail of Terror {elec, rN+++ Int+6 Dex-2} (Trog gifted it to you on level 1 of the Elven Halls)
 29414 | Elf:1    | Noticed Nikola
 29432 | Elf:1    | Killed Nikola
 30003 | Elf:1    | Found Xafamp's Antique Armour Boutique.
 30518 | Elf:2    | Received a gift from Trog
 30764 | Elf:2    | Found a runed gate.
 30764 | Elf:2    | Found a runed gate.
 30765 | Elf:2    | Found a runed gate.
 30931 | Elf:2    | Reached XP level 17. HP: 60/161 MP: 2/16
 32017 | Elf:2    | Received a gift from Trog
 32254 | Elf:3    | Entered Level 3 of the Elven Halls
 32324 | Elf:3    | Noticed a deep elf blademaster
 32326 | Elf:3    | Noticed a deep elf master archer
 32348 | Elf:3    | Killed a deep elf blademaster
 32395 | Elf:3    | Killed a deep elf master archer
 33042 | Elf:3    | Noticed an Ice Fiend
 33060 | Elf:3    | Noticed a Brimstone Fiend
 33070 | Elf:3    | Gained mutation: You are clumsy. (Dex -2) [a cacodemon]
 33357 | Elf:3    | Cast into level 2 of the Abyss (a deep elf sorcerer)
 33421 | Abyss:2  | Gained mutation: You are very clumsy. (Dex -4) [a neqoxec]
 33465 | Abyss:2  | Gained mutation: You are dopey. (Int -2) [a neqoxec]
 33635 | Abyss:2  | Received a gift from Trog
 33718 | Elf:3    | Escaped the Abyss
 34000 | Elf:3    | Reached XP level 18. HP: 172/172 MP: 2/17
 34578 | Elf:3    | Found Weroof's Gadget Emporium.
 35450 | Elf:3    | Identified the Compendium of Beguiling
 35483 | Elf:3    | Got a shimmering dagger {elec}
 35538 | Elf:3    | Identified the Papyrus of the Lethal Volcanoes
 35916 | Spider:1 | Entered Level 1 of the Spider Nest
 35939 | Spider:1 | Received a gift from Trog
 36008 | Spider:1 | Identified the +12 dagger "Hazakk" {elec, rC+ Int+3} (You took it off a deep elf elementalist on level 3 of the Elven Halls)
 36698 | Spider:1 | Noticed Agnes
 36707 | Spider:1 | Killed Agnes
 37296 | Spider:2 | Noticed hannobal's ghost (adept OpIE)
 37303 | Spider:2 | Killed hannobal's ghost
 37737 | Spider:3 | Received a gift from Trog
 38313 | Spider:3 | Received a gift from Trog
 38631 | Spider:4 | Entered Level 4 of the Spider Nest
 38652 | Spider:4 | Noticed Roxanne
 38666 | Spider:4 | Killed Roxanne
 38714 | Spider:4 | Identified Roxanne's Reference Book on the Mountains (You took it off Roxanne on level 4 of the Spider Nest)
 39164 | Spider:4 | Reached XP level 19. HP: 174/181 MP: 3/18
 39457 | Spider:4 | Noticed Arachne
 39475 | Spider:4 | Killed Arachne
 39589 | Spider:4 | Received a gift from Trog
 40172 | Spider:4 | Got a gossamer rune of Zot
 40414 | Spider:4 | Gained mutation: You are weak. (Str -2) [mutagenic meat]
 40415 | Spider:4 | Lost mutation: You are dopey. (Int -2) [mutagenic meat]
 40416 | Spider:4 | Gained mutation: You are very weak. (Str -4) [mutagenic meat]
 40417 | Spider:4 | Gained mutation: You evolve. [mutagenic meat]
 40419 | Spider:4 | Lost mutation: You are very clumsy. (Dex -4) [potion of mutation]
 40419 | Spider:4 | Gained mutation: Your flesh is heat resistant. [potion of mutation]
 40420 | Spider:4 | Gained mutation: You are frail (-10% HP). [potion of mutation]
 40421 | Spider:4 | Gained mutation: Your flesh is cold resistant. [potion of mutation]
 40748 | Swamp:1  | Entered Level 1 of the Swamp
 41221 | Swamp:1  | Noticed Frances
 41237 | Swamp:1  | Killed Frances
 42091 | Swamp:2  | Gained mutation: You have a pair of large horns on your head. [evolution]
 42146 | Swamp:2  | Received a gift from Trog
 42664 | Swamp:3  | Noticed TBriggs11TB's ghost (adept DDFi)
 42689 | Swamp:3  | Killed TBriggs11TB's ghost
 43056 | Swamp:3  | Received a gift from Trog
 43078 | Swamp:3  | Noticed Mara
 43088 | Swamp:3  | Noticed boogeech's illusion
 43547 | Swamp:3  | Noticed boogeech's illusion
 43571 | Swamp:3  | Killed Mara
 43838 | Swamp:4  | Entered Level 4 of the Swamp
 44064 | Swamp:4  | Reached XP level 20. HP: 167/173 MP: 3/19
 44329 | Swamp:4  | Got a decaying rune of Zot
 44504 | Swamp:4  | Noticed rjaguar3's ghost (adept MiBe)
 44521 | Swamp:4  | Killed rjaguar3's ghost
 45031 | Vaults:1 | Entered Level 1 of the Vaults
 45037 | Vaults:1 | Received a gift from Trog
 45699 | Vaults:1 | Got a distressingly furry scale mail
 45908 | Vaults:1 | Received a gift from Trog
 46372 | Vaults:1 | Identified the +1 scale mail of Jigsaw {rN+ Stlth+} (You found it on level 1 of the Vaults)
 46377 | Vaults:1 | Reached XP level 21. HP: 181/181 MP: 3/20
 47115 | Vaults:2 | Received a gift from Trog
 47151 | Vaults:2 | Reached XP level 22. HP: 189/189 MP: 4/21
 47224 | Vaults:2 | Found Kaupuniupp's Book Boutique.
 47679 | Vaults:2 | Got an ancient robe
 47680 | Vaults:2 | Identified the +2 robe of Fortification {rElec} (You found it on level 2 of the Vaults)
 48352 | Vaults:2 | Gained mutation: You are mostly covered in thin metallic scales (AC +3). [mutagenic meat]
 48356 | Vaults:2 | Gained mutation: You are partially covered in icy blue scales (AC +1). [mutagenic meat]
 48367 | Vaults:2 | Received a gift from Trog
 49235 | Vaults:2 | Found a staircase to the Crypt.
 50608 | Vaults:3 | Received a gift from Trog
 52009 | Vaults:4 | Received a gift from Trog
 52241 | Vaults:4 | Got a translucent shield
 52252 | Vaults:4 | Identified the cursed +0 shield "Koavoyng" {+Blink Str+3} (You found it on level 4 of the Vaults)
 52593 | Vaults:4 | Found an ancient bone altar of Kikubaaqudgha.
 53034 | Vaults:5 | Entered Level 5 of the Vaults
 53273 | Vaults:4 | Lost mutation: You are frail (-10% HP). [evolution]
 53542 | Vaults:4 | Reached skill level 15 in Dodging
 53611 | Vaults:5 | Noticed juanjsm's ghost (adept SpEn)
 53611 | Vaults:5 | Received a gift from Trog
 53611 | Vaults:5 | Reached XP level 23. HP: 131/221 MP: 4/22
 54123 | Vaults:4 | Got a steaming broad axe {drain}
 54291 | Vaults:4 | Identified the cursed +0 broad axe of Kicw {drain, Dex+7} (You took it off a deep elf demonologist on level 4 of the Vaults)
 54327 | Vaults:5 | Received a gift from Trog
 54809 | Vaults:5 | Got a translucent flail {god gift}
 55106 | Vaults:4 | Identified the +3 flail "Cotwufal" {venom, *Confuse rPois Str+2 Dex+4} (Trog gifted it to you on level 5 of the Vaults)
 56042 | Vaults:5 | Killed juanjsm's ghost
 56669 | Vaults:5 | Received a gift from Trog
 56981 | Vaults:5 | Cast into level 3 of the Abyss (a deep elf demonologist)
 57035 | Vaults:5 | Escaped the Abyss
 57365 | Vaults:5 | Reached XP level 24. HP: 178/233 MP: 4/22
 57546 | Vaults:5 | Received a gift from Trog
 57847 | Vaults:5 | Gained mutation: Your natural rate of healing is unusually fast. [evolution]
 58342 | Vaults:5 | Got a silver rune of Zot
 58557 | Vaults:5 | Identified The Incunabulum of Greatest Risks and Utility
 59384 | Depths:1 | Entered Level 1 of the Depths
 59562 | Depths:1 | Found a gateway to Hell.
 59588 | Depths:1 | Received a gift from Trog
 59762 | Depths:1 | Noticed Wiglaf
 59763 | Depths:1 | Found an iron altar of Okawaru.
 59771 | Depths:1 | Killed Wiglaf
 59862 | Depths:1 | Got a blackened plate armour
 59873 | Depths:1 | Identified the +1 plate armour "Ruaz" {MP+9 Int+5} (You found it on level 1 of the Depths)
 60049 | Depths:1 | Got an opalescent robe
 60060 | Depths:1 | Identified the +4 robe of Xom's Righteous Anger {Regen+} (You found it on level 1 of the Depths)
 60687 | Depths:1 | Got a smoking flail
 60690 | Depths:1 | Identified the +4 flail "Arbiter" {crush, rN+ Str+3 Dex+4} (You found it on level 1 of the Depths)
 61133 | Depths:2 | Found a stormy altar of Qazlal.
 61133 | Depths:2 | Found a one-way gate to the infinite horrors of the Abyss.
 61140 | Depths:2 | Found a gateway to a ziggurat.
 61168 | Depths:2 | Found a sparkling altar of Nemelex Xobeh.
 61177 | Depths:2 | Noticed Asterion
 61188 | Depths:2 | Killed Asterion
 61192 | Depths:2 | Received a gift from Trog
 61888 | Depths:2 | Reached XP level 25. HP: 229/243 MP: 4/22
 61911 | Depths:2 | Received a gift from Trog
 62057 | Depths:2 | Got a clouded bone ring
 62286 | Depths:2 | Identified the ring "Pymenol" {+Inv Slay+2 Stlth+} (You took it off a vampire mage on level 2 of the Depths)
 62359 | Depths:2 | Got a warped great sword
 62579 | Depths:2 | Found an ancient bone altar of Kikubaaqudgha.
 62883 | Depths:2 | Cast into level 1 of the Abyss (spriggan)
 63001 | Abyss:1  | Received a gift from Trog
 63093 | Depths:2 | Escaped the Abyss
 63407 | Depths:2 | Lost mutation: You are clumsy. (Dex -2) [evolution]
 63935 | Depths:3 | Found a portal to a secret trove of treasure.
 64229 | D:11     | Bought the +8 chain mail "Meom" {rElec rF+} for 1113 gold pieces
 64480 | Depths:3 | You paid a toll of the chain mail "Meom" to enter a treasure trove
 64481 | Trove    | Entered a treasure trove
 64522 | Trove    | Got a clouded sapphire amulet
 64528 | Trove    | Got a brightly glowing marble ring
 64562 | Trove    | Identified the ring of Muh Lel {MR+ Int+3} (You found it in a treasure trove)
 64644 | Trove    | Identified the amulet of Secrets {Inacc rC- Str+8 SInv Stlth+} (You found it in a treasure trove)
 64727 | Depths:3 | Found a snail-covered altar of Cheibriados.
 64734 | Depths:3 | Noticed Frederick
 64761 | Depths:3 | Killed Frederick
 64829 | Depths:3 | Noticed Jory
 64848 | Depths:3 | Killed Jory
 64971 | Depths:3 | Found a one-way gate leading to the halls of Pandemonium.
 65286 | Depths:3 | Received a gift from Trog
 65394 | Depths:3 | Got a transparent tin amulet
 65402 | Depths:3 | Identified the amulet "Gephekle" {rN+ Regen+ Str+7} (You found it on level 3 of the Depths)
 65511 | Depths:4 | Gained mutation: You are clumsy. (Dex -2) [a shining eye]
 65853 | Depths:4 | Reached XP level 26. HP: 234/254 MP: 4/22
 66143 | Depths:4 | Noticed Boris
 66154 | Depths:4 | Killed Boris
 66159 | Depths:4 | Found a corrupted altar of Lugonu.
 66261 | Depths:4 | Received a gift from Trog
 67026 | Depths:4 | Got a bloodstained dire flail {venom}
 67101 | Depths:4 | Identified the +7 dire flail of Hacking and Slashing {venom, Fragile rPois rC+ rN+} (You took it off a deep elf sorcerer on level 4 of the Depths)
 67418 | Depths:5 | Entered Level 5 of the Depths
 67600 | Depths:5 | Noticed Mennas
 67690 | Depths:5 | Killed Mennas
 67758 | Depths:5 | Received a gift from Trog
 68027 | Depths:5 | Found a glowing golden altar of the Shining One.
 68499 | Depths:5 | Found a gate to the Realm of Zot.
 68664 | Zot:1    | Entered Level 1 of the Realm of Zot
 68785 | Zot:1    | Received a gift from Trog
 68979 | Zot:5    | Entered Level 5 of the Realm of Zot
 69122 | Zot:5    | Noticed an ancient lich
 69133 | Zot:5    | Noticed an ancient lich
 69134 | Zot:5    | Noticed an orb of fire
 69139 | Zot:5    | Killed an ancient lich
 69152 | Zot:5    | Killed an ancient lich
 69152 | Zot:5    | Reached XP level 27. HP: 266/266 MP: 7/22
 69166 | Zot:5    | Killed an orb of fire
 69316 | Zot:5    | Noticed an ancient lich
 69328 | Zot:5    | Killed an ancient lich
 69549 | Zot:5    | Noticed an orb of fire
 69552 | Zot:5    | Gained mutation: Potions and wands are less effective at restoring your health. [an orb of fire]
 69554 | Zot:5    | Gained mutation: You are dopey. (Int -2) [an orb of fire]
 69556 | Zot:5    | Gained mutation: You occasionally shout uncontrollably at your foes. [an orb of fire]
 69573 | Zot:5    | Killed an orb of fire
 69796 | Zot:5    | Lost mutation: You are dopey. (Int -2) [evolution]
 69884 | Zot:5    | Noticed an orb of fire
 69897 | Zot:5    | Gained mutation: Potions and wands are poor at restoring your health. [an orb of fire]
 69908 | Zot:5    | Killed an orb of fire
 69964 | Zot:5    | Noticed an orb of fire
 69974 | Zot:5    | Killed an orb of fire
 70630 | Zot:5    | Noticed an orb of fire
 70639 | Zot:5    | Gained mutation: Your magical capacity is low (-10% MP). [an orb of fire]
 70642 | Zot:5    | Gained mutation: You tend to lose your temper in combat. [an orb of fire]
 70650 | Zot:5    | Killed an orb of fire
 70685 | Zot:5    | Noticed an ancient lich
 70796 | Zot:5    | Paralysed by an ancient lich for 5 turns
 70808 | Zot:5    | Noticed an ancient lich
 70811 | Zot:5    | Killed an ancient lich
 70819 | Zot:5    | Killed an ancient lich
 72280 | Zot:5    | Noticed an orb of fire
 72301 | Zot:5    | Killed an orb of fire
 74973 | Zot:5    | Received a gift from Trog
 75673 | Zot:5    | Noticed an orb of fire
 75686 | Zot:5    | Killed an orb of fire
 76050 | Zot:5    | Noticed an orb of fire
 76067 | Zot:5    | Killed an orb of fire
 76425 | Zot:5    | Lost mutation: Your flesh is cold resistant. [potion of cure mutation]
 76425 | Zot:5    | Lost mutation: You are mostly covered in thin metallic scales (AC +3). [potion of cure mutation]
 76425 | Zot:5    | Lost mutation: You occasionally shout uncontrollably at your foes. [potion of cure mutation]
 76425 | Zot:5    | Lost mutation: You evolve. [potion of cure mutation]
 76425 | Zot:5    | Lost mutation: Your flesh is heat resistant. [potion of cure mutation]
 76426 | Zot:5    | Lost mutation: Potions and wands are poor at restoring your health. [potion of cure mutation]
 76426 | Zot:5    | Lost mutation: You are clumsy. (Dex -2) [potion of cure mutation]
 76426 | Zot:5    | Lost mutation: You tend to lose your temper in combat. [potion of cure mutation]
 76426 | Zot:5    | Lost mutation: Your natural rate of healing is unusually fast. [potion of cure mutation]
 76426 | Zot:5    | Lost mutation: You are very weak. (Str -4) [potion of cure mutation]
 76426 | Zot:5    | Lost mutation: Potions and wands are less effective at restoring your health. [potion of cure mutation]
 76476 | Zot:5    | Got the Orb of Zot
 76777 | Depths:4 | Noticed Ziehugy the pandemonium lord
 76863 | Depths:2 | Noticed Kyashrul the pandemonium lord
 76870 | Depths:2 | Cast into level 4 of the Abyss (a lich)
 76870 | Abyss:4  | Found a corrupted altar of Lugonu.
 76890 | Depths:2 | Escaped the Abyss
 76976 | Depths:2 | Noticed Nocwuc the pandemonium lord
 77146 | D:15     | Noticed Nupro the pandemonium lord
 77173 | D:15     | Killed Nupro the pandemonium lord
 77257 | D:15     | Noticed Vubet the pandemonium lord
 77297 | D:15     | Killed Vubet the pandemonium lord
 77446 | D:15     | Noticed Asiats the pandemonium lord
 77801 | D:$      | Escaped with the Orb!

Skill      XL: |  1  2  3  4  5  6  7  8  9 10 11 12 13 14 15 16 17 18 19 20 21 22 23 24 25 26 27 |
---------------+----------------------------------------------------------------------------------+-----
Fighting       | 4 5 6 7 9 10 11 12 13 14 15 17 18 19 20 21 22 23 24 25 26 | 26.4
Armour         | 4 5 6 7 8 10 11 12 13 14 15 16 17 18 19 20 21 22 23 24 25 26 | 26.5
Maces & Flails | 3 4 5 7 8 10 11 12 14 15 16 17 18 19 20 21 22 23 24 25 26 | 26.5
Dodging        | 1 2 3 4 5 6 7 8 9 10 11 12 13 14 15 16 17 18 | 18.8
Shields        | 4 5 6 7 9 10 11 12 14 15 16 17 18 19 20 21 22 23 24 25 26 | 26.8

Action                   |  1- 3 |  4- 6 |  7- 9 | 10-12 | 13-15 | 16-18 | 19-21 | 22-24 | 25-27 || total
-------------------------+-------+-------+-------+-------+-------+-------+-------+-------+-------++-------
Melee: Flail             |    66 |       |       |       |       |       |       |       |       ||    66
       Headbutt          |    10 |    25 |    53 |   127 |   431 |   377 |   352 |   546 |   653 ||  2574
       Morningstar       |     5 |   128 |   271 |   583 |  1573 |  1340 |  1324 |  1739 |  2130 ||  9093
 Fire: Shortbow          |       |       |       |    16 |       |       |       |       |       ||    16
Invok: Berserk           |       |       |     1 |     5 |     6 |    11 |     6 |     9 |    11 ||    49
       Burn Spellbooks   |       |       |       |     2 |     6 |     4 |     3 |     3 |     4 ||    22
       Trog's Hand       |       |       |       |       |     1 |     9 |     7 |    21 |    28 ||    66
       Brothers in Arms  |       |       |       |       |       |     1 |       |     2 |       ||     3
 Abil: Evoke Blink       |       |       |       |       |       |       |       |     1 |       ||     1
Evoke: Wand              |       |       |       |       |    15 |     1 |       |       |     1 ||    17
  Use: Scroll            |     3 |     1 |     1 |    20 |    31 |    18 |     8 |    23 |    18 ||   123
       Potion            |       |       |       |    11 |     3 |    13 |     9 |     5 |    17 ||    58
 Stab: Held in net/web   |       |       |       |       |     1 |       |       |       |     2 ||     3
       Confused          |       |       |       |       |       |       |     1 |       |       ||     1
       Distracted        |       |       |       |       |       |       |       |     2 |     2 ||     4
  Eat: Chunk             |     2 |     2 |     4 |     2 |    12 |     1 |     6 |     8 |     1 ||    38
       Beef jerky        |       |     3 |       |       |     2 |     1 |     3 |     1 |     5 ||    15
       Meat ration       |       |       |     2 |       |     5 |     5 |     3 |     1 |       ||    16
       Fruit             |       |       |       |    16 |    19 |     7 |     9 |     4 |     8 ||    63
       Royal jelly       |       |       |       |     2 |       |     1 |     2 |       |       ||     5
       Pizza             |       |       |       |     4 |     2 |     3 |       |     1 |       ||    10
       Bread ration      |       |       |       |       |     1 |     4 |       |    12 |    16 ||    33
Armor: Scale mail        |    27 |    34 |       |       |       |       |       |       |       ||    61
       Plate armour      |       |    37 |   175 |   392 |   335 |       |       |       |       ||   939
       Gold dragon armou |       |       |       |       |   344 |   665 |   781 |   960 |   955 ||  3705
Dodge: Dodged            |    18 |    45 |   117 |   214 |   561 |   379 |   505 |   714 |   710 ||  3263
Block: Shield            |    32 |    50 |       |       |       |       |       |       |       ||    82
       Buckler           |       |    14 |   125 |   270 |   704 |   689 |   758 |  1127 |   693 ||  4380
       Reflection        |       |       |       |       |     7 |    62 |    22 |    83 |    37 ||   211
       Large shield      |       |       |       |       |       |       |       |       |  1145 ||  1145
